 Dungeon Crawl Stone Soup version 0.30-b1-2-g02819fbbbe (webtiles) character file.

Game seed: 6532789413113563580

35 Metae the Shield-Bearer (level 3, -1/33 HPs)
             Began as a Minotaur Fighter on June 24, 2023.
             Slain by Sigmund
             ... wielding a +0 scythe
              (5 damage)
             ... on level 2 of the Dungeon.
             The game lasted 00:02:26 (1053 turns).

Metae the Shield-Bearer (Minotaur Fighter)          Turns: 1053, Time: 00:02:27

Health: -1/33      AC:  8    Str: 22    XL:     3   Next: 16%
Magic:  2/2        EV:  9    Int:  5    God:
Gold:   54         SH:  0    Dex:  9    Spells: 2/2 levels left

rFire   . . .        a - +0 rapier
rCold   . . .        c - +0 buckler
rNeg    . . .        b - +0 scale mail
rPois   .            (helmet restricted)
rElec   .            (no cloak)
rCorr   .            (no gloves)
SInv    .            i - +0 pair of boots
Will    .....        (no amulet) Stlth
                     (no ring)
HPRegen 0.25/turn    (no ring)
MPRegen 0.08/turn

%: no passive effects
@: confused
A: horns 2, retaliatory headbutt
a: no special abilities


You were on level 2 of the Dungeon.
You visited 1 branch of the dungeon, and saw 2 of its levels.

You collected 54 gold pieces.

Inventory:

Hand Weapons
 a - a +0 rapier (weapon)
Missiles
 j - 13 stones (quivered)
Armour
 b - a +0 scale mail (worn)
 c - a +0 buckler (worn)
 i - a +0 pair of boots (worn)
 n - an orb of wrath
Scrolls
 e - 2 scrolls of enchant armour {unknown}
 f - 4 scrolls of identify {unknown}
 h - a scroll of vulnerability {unknown}
 k - a scroll of noise {unknown}
 l - a scroll of teleportation {unknown}
 m - a scroll of fear {unknown}
Potions
 d - a potion of might
 g - 2 potions of curing {unknown}
 o - a potion of resistance {unknown}


   Skills:
 + Level 4.0 Fighting
 + Level 2.6 Short Blades
 + Level 4.0 Armour
 + Level 1.1 Dodging
 + Level 4.0 Shields


You had 2 spell levels left.
You didn't know any spells.
Your spell library was empty.

Dungeon Overview and Level Annotations

Branches:
Dungeon (2/15)

Altars:

Annotations:
D:2 Sigmund


Innate Abilities, Weirdness & Mutations

You have a pair of horns on your head.
You reflexively headbutt those who attack you in melee.


Message History

You hit the kobold. Your headbutt misses the kobold.
The kobold is severely wounded.
The kobold hits you but does no damage. You block something's attack.
You hit the kobold.
You kill the kobold!
No target in view!
You hear some strange, mumbled words.
A puff of flame appears from out of thin air!
The puff of flame hits you.
Things that are here:
a +0 club; a scroll labelled CAWAGIU DUSKUP You hit something.
Something hits you!
You closely miss something. Your headbutt misses something. Something hits you.
You closely miss something. You block something's attack.
You completely miss something. You miss something.
Your headbutt misses something. Something hits you but does no damage.
You hit something. Your headbutt misses something.
Something hits you but does no damage.
You barely miss something. Your headbutt misses something.
You hear some strange, mumbled words.
A puff of flame appears from out of thin air!
The puff of flame hits you!
* * * LOW HITPOINT WARNING * * *
You hit something. Something hits you but does no damage.
You hit something but do no damage. You hit something. Something hits you.
* * * LOW HITPOINT WARNING * * *
You barely miss something. Something hits you.
* * * LOW HITPOINT WARNING * * *
You hit something but do no damage. Something hits you but does no damage.
You closely miss something. Your headbutt misses something. You hit something.
You hear some strange, mumbled words.
You are confused.
You closely miss something. Something hits you but does no damage.
You miss something. Your headbutt misses something.
Something completely misses you.
You closely miss something. Something hits you.
You die...

#.>.............#
#...............##
#........).......# #
#................# ###
##.............#.# #..
##.....#......#.#
######..
############.#.###.......
#........##.......#####.
.......@.###.......###..
.......{)>.....###......
.........#.......##...##
...........>..##........
..............####...##.
.##..#..##....# ##..##.
...##.###....#####†....
... #. #....##<....... ..
#. #.....#........


There were no monsters in sight!

Vanquished Creatures
  An adder (D:2)
  A dart slug (D:2)
  2 ball pythons
  2 endoplasms
  A goblin (D:2)
  3 hobgoblins
  A quokka (D:1)
  5 bats (D:2)
  A frilled lizard (D:1)
  3 kobolds
  5 rats
25 creatures vanquished.

Notes
Turn   | Place    | Note
-------+----------+-------------------------------------------
     0 | D:1      | Metae the Minotaur Fighter began the quest for the Orb.
     0 | D:1      | Reached XP level 1. HP: 19/19 MP: 0/0
   250 | D:1      | Reached XP level 2. HP: 27/27 MP: 1/1
   320 | D:1      | Found a faded altar of an unknown god.
   901 | D:2      | Reached skill level 1 in Dodging
   901 | D:2      | Reached XP level 3. HP: 31/33 MP: 2/2
  1028 | D:2      | Noticed Sigmund
  1053 | D:2      | Slain by Sigmund

Illustrated notes

Levels and vault maps discovered:
D:1:      heliophobic_arrival_battle_scene, layout_basic,
          shapermc_ecumenical_altar_pompeii
D:2:      layout_rooms, serial_glass, glass_columns_a, glass_columns_a,
          grunt_ministairs_15, uniq_sigmund

Skill      XL: |  1  2 |
---------------+-------+-----
Fighting       | 4 |  4.0
Armour         | 4 |  4.0
Dodging        | 1 |  1.1
Shields        | 4 |  4.0
Short Blades   | |  2.6

Action                     || total
---------------------------++-------
  Melee: Rapier            ||    89
         Headbutt          ||     8
 Armour: Scale mail        ||    28
  Dodge: Dodged            ||    34
  Block: Buckler           ||    23
